 Dungeon Crawl Stone Soup version 0.20-a0-1033-g05abe66 (webtiles) character file.

728 m4dz4g the Covert (level 7, -2/46 HPs)
             Began as an Octopode Assassin on Apr 21, 2017.
             Was an Initiate of Dithmenos.
             Slain by Pikel
             ... wielding a +2 whip of freezing
              (6 damage)
             ... on level 5 of the Dungeon.
             The game lasted 00:16:53 (3165 turns).

m4dz4g the Covert (Octopode Assassin)               Turns: 3165, Time: 00:16:54

Health: -2/46      AC:  3    Str: 11    XL:     7   Next: 72%
Magic:  7/7        EV: 14    Int: 13    God:    Dithmenos [......]
Gold:   203        SH:  0    Dex: 15    Spells: 6/6 levels left

rFire    . . .     SeeInvis .   a - +2 dagger
rCold    . . .     Gourm    .   (no shield)
rNeg     . . .     Faith    .   l - +2 hat
rPois    .         Spirit   .   (no amulet)
rElec    .         Reflect  .   (no ring)
rCorr    .         Harm     .   (no ring)
MR       .....                  (no ring)
Stlth    ++++++....             (no ring)
Regen    0.2/turn               (no ring)
MPRegen  0.1/turn               (no ring)
                                (no ring)
                                (no ring)

@: no status effects
A: almost no armour, stealthy swim, amphibious, 8 rings, constrict 8, camouflage
1, gelatinous body 1
a: Renounce Religion


You were on level 5 of the Dungeon.
You worshipped Dithmenos.
Dithmenos was noncommittal.
You were not hungry.

You visited 1 branch of the dungeon, and saw 5 of its levels.
You also visited: Sewer.

You collected 203 gold pieces.

Inventory:

Hand Weapons
 a - a +2 dagger (weapon)
 b - a +0 blowgun
 y - a +0 scythe
Missiles
 c - 21 poisoned needles
 d - 2 curare-tipped needles
 j - 108 stones (quivered)
Armour
 l - a +2 hat (worn)
Scrolls
 e - 2 scrolls of immolation {unknown}
 h - 3 scrolls of random uselessness {unknown}
 k - 2 scrolls of amnesia {unknown}
 q - a scroll of teleportation {unknown}
 r - a scroll of recharging {unknown}
 u - 2 scrolls of enchant weapon {unknown}
 w - a scroll of fog {unknown}
 x - 3 scrolls of identify
Potions
 g - a potion of degeneration {unknown}
 i - 2 potions of agility {unknown}
 m - a potion of might {unknown}
 o - a potion of berserk rage {unknown}
 p - 4 potions of magic {unknown}
 s - a potion of brilliance {unknown}
 t - a potion of curing {unknown}
Comestibles
 f - 3 bread rations
 n - 2 fruits
 v - a meat ration
 z - 6 chunks of flesh


   Skills:
 + Level 3.3 Fighting
 + Level 4.1 Short Blades
 + Level 2.0 Throwing
 + Level 2.2 Dodging
 + Level 10.5 Stealth


You had 6 spell levels left.
You didn't know any spells.

Dungeon Overview and Level Annotations

Branches:
Dungeon (5/15)
 Temple: D:4-7

Altars:
Cheibriados
Dithmenos
Hepliaklqana
Trog
Uskayaw

Annotations:
D:5 Pikel


Innate Abilities, Weirdness & Mutations

You cannot wear most types of armour.
You are very stealthy in the water. (Stealth+)
You are amphibious.
You can wear up to eight rings at the same time.
You can use your tentacles to constrict eight enemies at once.
Your skin changes colour to match your surroundings (Stealth+).
Your rubbery body absorbs attacks. (AC +1, EV +1)


Message History

You constrict Pikel. You hit Pikel. You squeeze Pikel.
Pikel is severely wounded.
You constrict Pikel. Pikel hits you with a whip of freezing.
* * * LOW HITPOINT WARNING * * *
Pikel freezes you.
* * * LOW HITPOINT WARNING * * *
You hit Pikel. You squeeze Pikel.
Pikel is severely wounded.
You constrict Pikel. Pikel hits you with a whip of freezing.
* * * LOW HITPOINT WARNING * * *
Pikel freezes you.
* * * LOW HITPOINT WARNING * * *
You hit Pikel but do no damage.
Pikel is severely wounded.
You constrict Pikel. You hit Pikel but do no damage.
Pikel is almost dead.
You constrict Pikel, but do no damage. Pikel hits you with a whip of freezing.
You die...

#.# ... #.# #.######.
#.# ##..#........ #.#
.........#.#.# #..
#............# #.#
#######..#.......... #..
...................###.#
#@................
#K###.#...........
#pp...#.###..##.##
#######.............#.
#.....[.##.##.####..#.
..##.##.#...#.......#.
#...#.........#.#...
......(....#..........#
.. ....#..##.#...#.....


You could see Pikel and 2 slaves.

Vanquished Creatures
  Sigmund (D:4)
  A slave (D:5)
  2 ogres
  2 hounds
  2 orc wizards (D:4)
  A bullfrog skeleton (D:5)
  2 iguanas (D:4)
  4 adders
  6 river rats
  An ooze (D:1)
  4 worms
  2 leopard geckos
  7 orcs
  6 ball pythons
  5 giant cockroaches
  11 goblins
  8 hobgoblins
  3 jackals (D:1)
  6 kobolds (D:1)
  3 quokkas
  5 bats
  8 frilled lizards
  A quokka skeleton (D:4)
  17 rats
108 creatures vanquished.

Notes
Turn   | Place    | Note
-------+----------+-------------------------------------------
     0 | D:1      | m4dz4g the Octopode Assassin began the quest for the Orb.
     0 | D:1      | Reached XP level 1. HP: 14/14 MP: 1/1
    67 | D:1      | Reached XP level 2. HP: 19/19 MP: 2/2
   202 | D:1      | Reached skill level 6 in Stealth
   307 | D:1      | Reached XP level 3. HP: 20/24 MP: 3/3
   917 | D:2      | Noticed a dagger
   918 | D:2      | Noticed a dagger
   920 | D:2      | Found a hide-covered altar of Uskayaw.
  1048 | D:2      | Found a hazy altar of Hepliaklqana.
  1056 | D:2      | Reached XP level 4. HP: 30/30 MP: 4/4
  1093 | D:3      | Reached skill level 7 in Stealth
  1160 | D:3      | Found a glowing drain.
  1192 | Sewer    | Entered a sewer
  1239 | Sewer    | Reached XP level 5. HP: 34/35 MP: 5/5
  1348 | Sewer    | Reached skill level 8 in Stealth
  1618 | D:3      | Found a bloodstained altar of Trog.
  2122 | D:4      | Reached XP level 6. HP: 41/41 MP: 6/6
  2149 | D:4      | Reached skill level 9 in Stealth
  2684 | D:4      | Reached XP level 7. HP: 28/46 MP: 7/7
  2790 | D:4      | Found a shadowy altar of Dithmenos.
  2799 | D:4      | Became a worshipper of Dithmenos the Shadowed
  2891 | D:4      | Found a snail-covered altar of Cheibriados.
  2915 | D:4      | Noticed Sigmund
  2933 | D:4      | Killed Sigmund
  2933 | D:4      | Reached skill level 10 in Stealth
  3021 | D:5      | Entered Level 5 of the Dungeon
  3139 | D:5      | Noticed Pikel
  3165 | D:5      | Slain by Pikel

Vault maps used:
D:1:      saegor_arrival_under_anarchy
D:2:      dancing_weapons_uskayaw, overflow_temple_1_default, feat_on_display
D:3:      lemuel_doored_altar, portal_sewer_entry_a, serial_bayou_crossing
D:4:      cheibriados_altar_1, lemuel_coloured_pillars_altar, uniq_sigmund
D:5:      nicolae_overflow_crystal_walls, lemuel_zombie_altar_yredelemnul,
          first_bread, hangedman_decor_clover_reticule,
          minmay_hollow_rounded_squares, uniq_grinder, uniq_eustachio,
          uniq_pikel, uniq_ijyb
Sewer:    sewer_co_cracked_pipes

Skill      XL: |  1  2  3  4  5  6  7 |
---------------+----------------------+-----
Stealth        | 6 7 8 9 10 | 10.5
Short Blades   | 3 4 |  4.1
Fighting       | 3 |  3.3
Dodging        | 2 |  2.2
Throwing       | |  2.0

Action                   |  1- 3 |  4- 6 |  7- 9 || total
-------------------------+-------+-------+-------++-------
Melee: Dagger            |    63 |   114 |    42 ||   219
       Constrict         |    15 |    20 |     9 ||    44
       Tentacles         |     6 |    21 |    11 ||    38
Throw: Stone             |       |       |     1 ||     1
  Use: Scroll            |     2 |       |     1 ||     3
 Stab: Sleeping          |    20 |    24 |     3 ||    47
       Distracted        |     1 |       |       ||     1
  Eat: Chunk             |       |     5 |     2 ||     7
Armor: Skin              |     5 |     4 |       ||     9
Dodge: Dodged            |    29 |    41 |    15 ||    85
